TOP OF THE 1ST |
Grim Reapers batting - Pitching for Alameda Airmen : RHP Kendarian Handy-Holly
|
Pitching: RHP Kendarian Handy-Holly
|
|
Batting: LHB Tung Ji
|
0-0: Swinging Strike 0-1: Ball 1-1: Called Strike 1-2: Strikes out looking
|
Batting: RHB Yoshi Kouda
|
0-0: Ball 1-0: Ball 2-0: Foul Ball, location: 2F 2-1: Ball 3-1: Ground out 3-1 (Groundball, 34)
|
Batting: LHB Dante Aristizabal
|
0-0: Ball 1-0: Ball 2-0: Called Strike 2-1: Foul Ball, location: 2F 2-2: Foul Ball, location: 2F 2-2: Ball 3-2: Base on Balls
|
Batting: RHB Ignacio Hernández
|
0-0: Ball 1-0: Foul Ball, location: 2F 1-1: Foul Ball, location: 2F 1-2: Foul Ball, location: 2F 1-2: Strikes out swinging
|
Top of the 1st over - 0 run(s), 0 hit(s), 0 error(s), 1 left on base; Grim 0 - Alameda 0 |
BOTTOM OF THE 1ST |
Alameda Airmen batting - Pitching for Grim Reapers : RHP Edward Scarborough
|
Pitching: RHP Edward Scarborough
|
|
Batting: SHB José Ángel
|
0-0: Reached on error, E9 (Flyball, 9S)
|
Batting: RHB Mick Spargo
|
0-0: Ball 1-0: Ball 2-0: Called Strike José Ángel is caught stealing 2nd base 2-1: SINGLE (Groundball, 6MD)
|
Batting: SHB Charles Weber
|
0-0: Ball 1-0: Ball 2-0: Fly out, F7 (Flyball, 7LS)
|
Batting: RHB Javier Carretero
|
0-0: Foul Ball, location: 2F 0-1: Ball 1-1: Called Strike 1-2: Fly out, F7 (Line Drive, 78D)
|
Bottom of the 1st over - 0 run(s), 1 hit(s), 1 error(s), 1 left on base; Grim 0 - Alameda 0 |
TOP OF THE 2ND |
Grim Reapers batting - Pitching for Alameda Airmen : RHP Kendarian Handy-Holly
|
Batting: RHB Lee Benjamin
|
0-0: Called Strike 0-1: Foul Ball, location: 2F 0-2: Ball 1-2: Ball 2-2: Ground out 5-3 (Groundball, 5)
|
Batting: RHB Lu-fang Koo
|
0-0: Ball 1-0: Foul Ball, location: 2F 1-1: Foul Ball, location: 2F 1-2: Ball 2-2: Ball 3-2: Base on Balls
|
Batting: RHB Luis Pagán
|
0-0: Called Strike 0-1: Ball 1-1: Ball 2-1: Called Strike 2-2: SINGLE (Groundball, 56D) Lu-fang Koo to second
|
Batting: RHB Mason Congdon
|
0-0: Ball 1-0: Foul Ball, location: 2F 1-1: Fly out, F4 (Line Drive, 4)
|
Batting: RHB Bartolo Hernández
|
0-0: Foul Ball, location: 2F 0-1: SINGLE (Flyball, 89S) Lu-fang Koo to third Luis Pagán to second Runner from 3rd tries for Home, SAFE, no throw
|
Batting: LHB Tung Ji
|
0-0: Called Strike 0-1: Called Strike 0-2: Strikes out looking
|
Top of the 2nd over - 1 run(s), 2 hit(s), 0 error(s), 2 left on base; Grim 1 - Alameda 0 |
BOTTOM OF THE 2ND |
Alameda Airmen batting - Pitching for Grim Reapers : RHP Edward Scarborough
|
Batting: RHB Gérard Chesnutt
|
0-0: Ball 1-0: Fly out, F8 (Flyball, 8LM)
|
Batting: LHB Rodrigo Rodríguez
|
0-0: Ball 1-0: Foul Ball, location: 2F 1-1: SINGLE (Line Drive, 3L)
|
Batting: RHB Pedro Flores
|
0-0: Ball 1-0: Called Strike Rodrigo Rodríguez steals 2nd base 1-1: Fly out, F9 (Flyball, 9LM)
|
Batting: SHB Wenceslas Holbeche
|
0-0: Called Strike 0-1: Foul Ball, location: 2F 0-2: Strikes out looking
|
Bottom of the 2nd over - 0 run(s), 1 hit(s), 0 error(s), 1 left on base; Grim 1 - Alameda 0 |
TOP OF THE 3RD |
Grim Reapers batting - Pitching for Alameda Airmen : RHP Kendarian Handy-Holly
|
Batting: RHB Yoshi Kouda
|
0-0: SOLO HOME RUN (Flyball, 8LXD), Distance : 432 ft
|
Batting: LHB Dante Aristizabal
|
0-0: Called Strike 0-1: Ball 1-1: Swinging Strike 1-2: Foul Ball, location: 2F 1-2: Foul Ball, location: 2F 1-2: Foul Ball, location: 2F 1-2: Ball 2-2: Foul Ball, location: 2F 2-2: Strikes out swinging
|
Batting: RHB Ignacio Hernández
|
0-0: Ball 1-0: Ball 2-0: Ball 3-0: Base on Balls
|
Batting: RHB Lee Benjamin
|
0-0: Ball Ignacio Hernández is caught stealing 2nd base 1-0: Ball 2-0: Ball 3-0: Called Strike 3-1: Called Strike 3-2: Foul Ball, location: 2F 3-2: Strikes out swinging
|
Top of the 3rd over - 1 run(s), 1 hit(s), 0 error(s), 0 left on base; Grim 2 - Alameda 0 |
BOTTOM OF THE 3RD |
Alameda Airmen batting - Pitching for Grim Reapers : RHP Edward Scarborough
|
Batting: LHB Mitchell Hobbs
|
0-0: Called Strike 0-1: Hit by Pitch
|
Batting: SHB José Ángel
|
0-0: Foul Ball, location: 2F 0-1: Ball 1-1: Foul Ball, location: 2F 1-2: Ball 2-2: SINGLE (Line Drive, 8LS) Mitchell Hobbs to second
|
Batting: RHB Mick Spargo
|
0-0: Swinging Strike 0-1: Fly out, F9 (Flyball, 9S)
|
Batting: SHB Charles Weber
|
0-0: Called Strike Mitchell Hobbs steals 3rd base José Ángel to second 0-1: Ball 1-1: Ball 2-1: Ball 3-1: Called Strike 3-2: Base on Balls
|
Batting: RHB Javier Carretero
|
0-0: Called Strike 0-1: Ball 1-1: Foul Ball, location: 2F 1-2: Ball 2-2: Fly out, F8 (Flyball, 8LXD) Runner from 3rd tags up, SCORES, no throw José Ángel to third
|
Batting: RHB Gérard Chesnutt
|
0-0: Ball 1-0: Called Strike 1-1: Swinging Strike 1-2: Strikes out looking
|
Bottom of the 3rd over - 1 run(s), 1 hit(s), 0 error(s), 2 left on base; Grim 2 - Alameda 1 |
TOP OF THE 4TH |
Grim Reapers batting - Pitching for Alameda Airmen : RHP Kendarian Handy-Holly
|
Batting: RHB Lu-fang Koo
|
0-0: Called Strike 0-1: Ground out 4-3 (Groundball, 4)
|
Batting: RHB Luis Pagán
|
0-0: Called Strike 0-1: Swinging Strike 0-2: Ball 1-2: Ball 2-2: Ball 3-2: Ground out 4-3 (Groundball, 4)
|
Batting: RHB Mason Congdon
|
0-0: Swinging Strike 0-1: Ball 1-1: Fly out, F9 (Flyball, 9LM)
|
Top of the 4th over - 0 run(s), 0 hit(s), 0 error(s), 0 left on base; Grim 2 - Alameda 1 |
TOP OF THE 5TH |
Grim Reapers batting - Pitching for Alameda Airmen : RHP Kendarian Handy-Holly
|
Now in CF: Phil Pettit
|
|
Batting: RHB Bartolo Hernández
|
0-0: Ball 1-0: Called Strike 1-1: Called Strike 1-2: Strikes out swinging
|
Batting: LHB Tung Ji
|
0-0: Ball 1-0: Foul Ball, location: 2F 1-1: Foul Ball, location: 2F 1-2: Ball 2-2: Foul Ball, location: 2F 2-2: Strikes out looking
|
Batting: RHB Yoshi Kouda
|
0-0: Foul Ball, location: 2F 0-1: Ball 1-1: SINGLE (Groundball, 4M) (infield hit)
|
Pitching: LHP John Ashwood
|
|
Batting: LHB Dante Aristizabal
|
0-0: Called Strike 0-1: Ball 1-1: Ball 2-1: Ball 3-1: Ground out 1-3 (Groundball, 13S)
|
Top of the 5th over - 0 run(s), 1 hit(s), 0 error(s), 1 left on base; Grim 2 - Alameda 3 |
BOTTOM OF THE 5TH |
Alameda Airmen batting - Pitching for Grim Reapers : RHP Edward Scarborough
|
Batting: SHB Charles Weber
|
0-0: Called Strike 0-1: Fly out, F8 (Flyball, 8LM)
|
Batting: RHB Javier Carretero
|
0-0: Ball 1-0: Called Strike 1-1: Fly out, F4 (Popup, 4D)
|
Batting: RHB Gérard Chesnutt
|
0-0: Called Strike 0-1: Fly out, F9 (Flyball, 89S)
|
Bottom of the 5th over - 0 run(s), 0 hit(s), 0 error(s), 0 left on base; Grim 2 - Alameda 3 |
TOP OF THE 6TH |
Grim Reapers batting - Pitching for Alameda Airmen : LHP John Ashwood
|
Batting: RHB Ignacio Hernández
|
0-0: Called Strike 0-1: Ball 1-1: Ball 2-1: SINGLE (Groundball, 6MD)
|
Batting: RHB Lee Benjamin
|
0-0: SINGLE (Line Drive, 7S) Ignacio Hernández to second
|
Batting: RHB Lu-fang Koo
|
0-0: Sac Bunt - play at first, batter OUT! 5-4 Ignacio Hernández to third Lee Benjamin to second
|
Batting: RHB Luis Pagán
|
0-0: Ball 1-0: Foul Ball, location: 2F 1-1: Ball 2-1: Ground out 6-3 (Groundball, 6)
|
Batting: RHB Mason Congdon
|
0-0: Called Strike 0-1: Ball 1-1: Called Strike 1-2: Foul Ball, location: 2F 1-2: Foul Ball, location: 2F 1-2: Strikes out swinging
|
Top of the 6th over - 0 run(s), 2 hit(s), 0 error(s), 2 left on base; Grim 2 - Alameda 3 |
BOTTOM OF THE 6TH |
Alameda Airmen batting - Pitching for Grim Reapers : RHP Edward Scarborough
|
Batting: LHB Rodrigo Rodríguez
|
0-0: Called Strike 0-1: Foul Ball, location: 2F 0-2: Strikes out swinging
|
Batting: RHB Pedro Flores
|
0-0: Ball 1-0: Foul Ball, location: 2F 1-1: Foul Ball, location: 2F 1-2: SINGLE (Line Drive, 8RS)
|
Batting: RHB Phil Pettit
|
0-0: Called Strike 0-1: Ball 1-1: Ball 2-1: Fly out, F8 (Flyball, 8RM)
|
Batting: LHB Mitchell Hobbs
|
0-0: Ball 1-0: Foul Ball, location: 2F 1-1: SINGLE (Line Drive, 56D) Pedro Flores to second
|
Pitching: LHP Steve Seabolt
|
|
Batting: SHB José Ángel
|
0-0: Called Strike 0-1: Ball 1-1: Ball 2-1: Foul Ball, location: 2F 2-2: Ball 3-2: Foul Ball, location: 2F 3-2: Foul Ball, location: 2F 3-2: Foul Ball, location: 2F 3-2: Fly out, F7 (Line Drive, 7)
|
Bottom of the 6th over - 0 run(s), 2 hit(s), 0 error(s), 2 left on base; Grim 2 - Alameda 3 |
TOP OF THE 7TH |
Grim Reapers batting - Pitching for Alameda Airmen : LHP John Ashwood
|
Batting: RHB Bartolo Hernández
|
0-0: Ball 1-0: Ground out 1-3 (Groundball, P)
|
Batting: LHB Tung Ji
|
0-0: Called Strike 0-1: Foul Ball, location: 2F 0-2: Ball 1-2: Ball 2-2: Strikes out swinging
|
Pitching: RHP Marvin Cahill
|
|
Batting: RHB Yoshi Kouda
|
0-0: Called Strike 0-1: Ball 1-1: Called Strike 1-2: Ball 2-2: Strikes out swinging
|
Top of the 7th over - 0 run(s), 0 hit(s), 0 error(s), 0 left on base; Grim 2 - Alameda 3 |
BOTTOM OF THE 7TH |
Alameda Airmen batting - Pitching for Grim Reapers : LHP Steve Seabolt
|
Batting: RHB Mick Spargo
|
0-0: Fly out, F4 (Line Drive, 4)
|
Batting: SHB Charles Weber
|
0-0: Ground out 4-3 (Groundball, 34)
|
Batting: RHB Javier Carretero
|
0-0: Called Strike 0-1: Ball 1-1: Swinging Strike 1-2: Ball 2-2: Strikes out swinging
|
Bottom of the 7th over - 0 run(s), 0 hit(s), 0 error(s), 0 left on base; Grim 2 - Alameda 3 |
TOP OF THE 8TH |
Grim Reapers batting - Pitching for Alameda Airmen : RHP Marvin Cahill
|
Pitching: RHP Miguel Matos
|
|
Batting: LHB Dante Aristizabal
|
0-0: Called Strike 0-1: Ball 1-1: Called Strike 1-2: DOUBLE (Line Drive, 9LM)
|
Pitching: RHP Chris Lynskey
|
|
Pinch Hitting: RHB Carlos Evangelho
|
0-0: Called Strike 0-1: Fly out, F9 (Flyball, 9LM)
|
Pinch Hitting: LHB Florin Matei
|
0-0: Ball 1-0: Ball 2-0: Called Strike 2-1: Foul Ball, location: 2F 2-2: Fly out, F9 (Flyball, 9S)
|
Batting: RHB Lu-fang Koo
|
0-0: Foul Ball, location: 2F 0-1: Ball 1-1: Ball 2-1: Swinging Strike 2-2: Foul Ball, location: 2F 2-2: Ball 3-2: Base on Balls
|
Batting: RHB Luis Pagán
|
0-0: Called Strike 0-1: Called Strike 0-2: Foul Ball, location: 2F 0-2: Fielders Choice at 2nd, 6-4 (Groundball, 6)
|
Top of the 8th over - 0 run(s), 1 hit(s), 0 error(s), 1 left on base; Grim 2 - Alameda 3 |
BOTTOM OF THE 8TH |
Alameda Airmen batting - Pitching for Grim Reapers : LHP Steve Seabolt
|
Now at 1B: Carlos Evangelho
|
|
Now at SS: Milos Jaksch
|
|
Batting: RHB Gérard Chesnutt
|
0-0: Ball 1-0: Called Strike 1-1: Ball 2-1: Ball 3-1: Base on Balls
|
Batting: LHB Rodrigo Rodríguez
|
0-0: Bunted foul 0-1: Bunt missed! 0-2: Ball 1-2: Foul Ball, location: 2F 1-2: Fly out, F8 (Flyball, 8RD)
|
Pinch Hitting: RHB Johnny Henshaw-Jacobs
|
0-0: Ball 1-0: Foul Ball, location: 2F 1-1: Ball 2-1: Ball 3-1: Base on Balls Gérard Chesnutt to second
|
Batting: RHB Phil Pettit
|
0-0: Ball 1-0: Ball 2-0: Ball 3-0: Base on Balls Gérard Chesnutt to third Johnny Henshaw-Jacobs to second
|
Batting: LHB Mitchell Hobbs
|
0-0: Foul Ball, location: 2F 0-1: Swinging Strike 0-2: Ball 1-2: Strikes out swinging
|
Batting: SHB José Ángel
|
0-0: Called Strike 0-1: Ball 1-1: Foul Ball, location: 2F 1-2: Strikes out swinging
|
Bottom of the 8th over - 0 run(s), 0 hit(s), 0 error(s), 3 left on base; Grim 2 - Alameda 3 |
TOP OF THE 9TH |
Grim Reapers batting - Pitching for Alameda Airmen : RHP Chris Lynskey
|
Pitching: RHP Pieter Spitsbaard
|
|
Now at 3B: Arturo Urquiza
|
|
Pinch Hitting: RHB David Gaston
|
0-0: Called Strike 0-1: Swinging Strike 0-2: Strikes out swinging
|
Pinch Hitting: RHB Héctor Flores
|
0-0: Called Strike 0-1: Foul Ball, location: 2F 0-2: Ground out 6-3 (Groundball, 6D)
|
Batting: LHB Tung Ji
|
0-0: Called Strike 0-1: Foul Ball, location: 2F 0-2: Foul Ball, location: 2F 0-2: Strikes out swinging
|
Top of the 9th over - 0 run(s), 0 hit(s), 0 error(s), 0 left on base; Grim 2 - Alameda 3 |
|